Map: Whirlwind LE (Void)

Players

sakl - Winner!

  • Race: Protoss Protoss
  • League: Diamond
  • Spawn Location: 7:00

Fropez

  • Race: Protoss Protoss
  • League: Gold
  • Spawn Location: 1:00

VOD

Have the link to the VOD?

Description

Time

  • Played on: Dec. 9, 2016, 12:36 p.m.
  • Length: 15:12
Show
View Real Time Build Order
Export as new Build Order

sakl Protoss - Winner!

Build Orders: Oracle Opening 

Get SALT Encoding   

  12  0:01  Probe (Chrono Boost)  
  13  0:12  Probe (Chrono Boost)  
  14  0:18  Pylon  
  14  0:23  Probe (Chrono Boost)  
  15  0:36  Probe (Chrono Boost)  
  15  0:37  Gateway  
  16  0:48  Assimilator  
  16  0:51  Probe (Chrono Boost)  
  17  1:01  Pylon  
  17  1:02  Probe (Chrono Boost)  
  18  1:12  Probe (Chrono Boost)  
  19  1:23  Probe (Chrono Boost)  
  19  1:24  Cybernetics Core  
  20  1:28  Assimilator  
  20  1:34  Probe (Chrono Boost)  
  21  1:45  Probe (Chrono Boost)  
  22  2:01  Warp Gate  
  22  2:02  Nexus  
  22  2:08  Stalker  
  24  2:14  Probe (Chrono Boost)  
  25  2:25  Probe (Chrono Boost)  
  26  2:30  Pylon  
  26  2:36  Mothership Core (Chrono Boost)  
  28  2:40  Stalker  
  30  2:54  Probe (Chrono Boost)  
  31  3:01  Stargate  
  31  3:05  Probe (Chrono Boost)  
  32  3:10  Stalker  
  34  3:14  Probe (Chrono Boost)  
  34  3:15  Probe (Chrono Boost)  
  36  3:25  Probe (Chrono Boost)  
  36  3:26  Probe (Chrono Boost)  
  38  3:35  Probe (Chrono Boost)  
  38  3:36  Probe (Chrono Boost)  
  38  3:37  Assimilator  
  40  3:42  Gateway  
  40  3:49  Probe (Chrono Boost)  
  40  3:50  Oracle (Chrono Boost)  
  40  3:52  Probe (Chrono Boost)  
  45  4:00  Gateway  
  45  4:05  Probe (Chrono Boost)  
  45  4:07  Probe (Chrono Boost)  
  47  4:12  Assimilator  
  47  4:16  Probe  
  48  4:17  Probe  
  48  4:19  Forge  
  48  4:21  Pylon  
  49  4:28  Probe  
  49  4:29  Probe  
  51  4:38  Probe  
  51  4:39  Void Ray (Chrono Boost)  
  51  4:45  Probe  
  57  4:49  Probe  
  58  4:56  Pylon  
  58  4:57  Probe  
  58  4:59  Probe  
  60  5:09  Probe  
  61  5:19  Probe  
  60  5:21  Probe  
  60  5:23  Void Ray (Chrono Boost)  
  60  5:24  Protoss Ground Weapons Level 1  
  60  5:27  Pylon  
  63  5:30  Probe  
  63  5:31  Zealot x2  
  63  5:32  Zealot  
  66  6:01  Stalker x2  
  67  6:25  Probe  
  67  6:27  Probe  
  67  6:30  Pylon  
  67  6:32  Twilight Council  
  69  6:35  Pylon  
  69  6:39  Probe  
  66  7:00  Phoenix (Chrono Boost)  
  66  7:01  Probe  
  69  7:08  Probe, Gateway, Zealot  
  71  7:09  Gateway  
  71  7:11  Gateway  
  71  7:15  Photon Cannon  
  72  7:21  Blink, Protoss Ground Weapons Level 2  
  72  7:22  Void Ray (Chrono Boost)  
  76  7:25  Probe  
  76  7:27  Probe  
  76  7:28  Nexus  
  78  7:35  Stalker x3  
  84  7:40  Templar Archives  
  84  7:43  Pylon  
  82  7:58  Probe  
  82  8:01  Probe  
  82  8:03  Pylon  
  82  8:04  Pylon  
  84  8:06  Void Ray (Chrono Boost)  
  84  8:10  Protoss Air Weapons Level 1  
  84  8:11  Probe  
  84  8:12  Probe  
  90  8:23  Probe  
  90  8:24  Probe  
  92  8:31  Pylon  
  92  8:33  High Templar x2, Stargate  
  96  8:35  Probe x2  
  96  8:38  Photon Cannon  
  96  8:40  Archon  
  96  8:41  Probe  
  98  8:43  Photon Cannon  
  98  8:45  Probe  
  98  8:47  Probe  
  101  8:58  Probe  
  101  9:00  Probe  
  101  9:03  Pylon  
  101  9:04  Probe  
  101  9:05  Assimilator  
  101  9:09  Probe, Assimilator  
  102  9:12  Probe  
  102  9:16  Void Ray (Chrono Boost)  
  102  9:17  Templar Archives  
  108  9:21  Stalker  
  108  9:22  Probe, Stalker x4  
  119  9:37  Zealot  
  121  9:49  Probe  
  121  9:51  Probe  
  124  9:56  Void Ray (Chrono Boost), Probe  
  125  10:00  Probe  
  125  10:05  Pylon  
  124  10:16  Void Ray (Chrono Boost)  
  124  10:19  Pylon  
  128  10:21  Fleet Beacon  
  128  10:29  Probe  
  128  10:33  Protoss Ground Weapons Level 3  
  128  10:34  Void Ray (Chrono Boost)  
  133  10:35  Charge  
  133  10:38  Stalker x3  
  133  10:39  Forge  
  139  10:48  Probe  
  140  10:54  Void Ray (Chrono Boost)  
  144  10:59  Stalker  
  144  11:00  Stalker x2  
  150  11:07  Pylon  
  150  11:09  Pylon x2  
  150  11:11  Pylon x2  
  150  11:12  Pylon, Protoss Air Weapons Level 2, Protoss Ground Armor Level 1  
  150  11:22  Stalker x3  
  154  11:39  Nexus  
  154  11:41  Pylon  
  154  11:44  Photon Cannon  
  154  11:51  Zealot x5  
  154  11:52  Zealot  
  165  12:04  Pylon  
  163  12:22  Zealot x2  
  163  12:23  Zealot  
  163  12:29  Assimilator  
  165  12:32  Assimilator  
  165  12:36  Photon Cannon  
  165  12:37  Photon Cannon  
  165  12:39  Photon Cannon  
  165  12:40  Void Ray x2 (Chrono Boost)  
  165  12:41  Photon Cannon  
  165  12:42  Photon Cannon  
  165  12:43  Pylon  
  167  13:13  Stalker  
  167  13:14  Stalker x5  
  179  13:27  Pylon  
  167  13:44  Pylon, Stalker x2  
  167  13:45  Stalker x3  
  167  13:54  Void Ray x2 (Chrono Boost)  
  175  14:13  Gateway  
  175  14:14  Gateway  
  175  14:16  Gateway  
  175  14:31  Tempest x2 (Chrono Boost)  
  187  14:32  High Templar  
  187  14:33  High Templar x3, Dark Shrine  
  187  14:35  High Templar x2  
  199  14:45  Archon  
  199  14:46  Archon  
  199  14:47  Archon  
  199  14:55  Stargate  
  199  14:57  Stargate  
Show
View Real Time Build Order
Export as new Build Order

Fropez Protoss 

Build Orders:  

Get SALT Encoding   

  12  0:00  Probe (Chrono Boost)  
  13  0:11  Probe (Chrono Boost)  
  14  0:17  Pylon  
  14  0:22  Probe (Chrono Boost)  
  15  0:29  Assimilator  
  15  0:35  Probe (Chrono Boost)  
  16  0:45  Gateway  
  16  0:47  Probe (Chrono Boost)  
  17  0:58  Probe (Chrono Boost)  
  18  1:04  Pylon  
  18  1:08  Probe (Chrono Boost)  
  20  1:25  Probe (Chrono Boost)  
  20  1:31  Assimilator  
  20  1:35  Cybernetics Core  
  20  1:36  Probe (Chrono Boost)  
  21  1:46  Probe (Chrono Boost)  
  22  1:57  Nexus  
  22  2:03  Probe (Chrono Boost)  
  24  2:15  Pylon  
  24  2:19  Mothership Core (Chrono Boost)  
  24  2:22  Stalker  
  27  2:27  Warp Gate (Chrono Boost)  
  27  2:37  Probe (Chrono Boost)  
  28  2:55  Gateway  
  27  2:59  Gateway  
  27  3:03  Robotics Facility  
  27  3:06  Probe  
  27  3:08  Probe  
  29  3:22  Stalker  
  31  3:27  Probe, Gateway  
  31  3:28  Probe  
  33  3:44  Probe x2  
  33  3:46  Warp Prism (Chrono Boost)  
  35  3:49  Stalker  
  39  3:58  Probe x2  
  41  4:10  Probe  
  42  4:19  Pylon  
  42  4:24  Pylon  
  42  4:31  Probe x2  
  42  4:38  Pylon  
  44  4:39  Assimilator  
  44  4:41  Stalker x4  
  44  4:43  Probe x2  
  54  4:56  Probe x2  
  56  5:04  Stalker  
  56  5:05  Stalker x2  
  57  5:30  Adept x4  
  61  6:05  Adept  
  61  6:06  Adept x3  
  61  6:07  Twilight Council  
  65  6:12  Nexus  
  65  6:15  Pylon  
  65  6:18  Pylon  
  63  6:44  Stalker  
  63  6:45  Stalker x2  
  69  6:47  Assimilator  
  69  6:51  Probe x2  
  69  6:52  Assimilator  
  69  6:53  Assimilator  
  65  6:55  Pylon  
  65  6:57  Pylon  
  65  7:03  Probe x2  
  65  7:05  Gateway  
  65  7:07  Forge  
  67  7:09  Pylon, Forge  
  68  7:15  Probe x2  
  69  7:23  Probe  
  69  7:25  Pylon  
  69  7:27  Probe  
  69  7:28  Mothership Core  
  73  7:33  Probe, Stalker x3  
  80  7:52  Photon Cannon  
  80  7:55  Protoss Ground Armor Level 1 (Chrono Boost)  
  80  7:59  Pylon, Protoss Ground Weapons Level 1 (Chrono Boost)  
  80  8:01  Photon Cannon  
  80  8:09  Probe  
  80  8:10  Probe x2  
  83  8:19  Sentry x2  
  87  8:20  Sentry  
  89  8:43  Photon Cannon  
  89  8:44  Zealot x5  
  89  9:07  Blink (Chrono Boost)  
  87  9:24  Stalker x5  
  97  9:33  Observer  
  98  9:45  Protoss Ground Weapons Level 2 (Chrono Boost)  
  95  9:53  Protoss Ground Armor Level 2 (Chrono Boost)  
  95  9:56  Stalker x5  
  105  10:05  Probe x2  
  107  10:24  Stalker x2  
  107  10:25  Stalker x3  
  107  10:26  Probe x3  
  120  10:38  Probe x3  
  123  10:49  Stargate  
  123  10:53  Probe x2  
  123  10:54  Probe  
  123  10:57  Sentry x5  
  128  10:58  Pylon  
  136  11:05  Probe  
  137  11:24  Warp Prism  
  139  11:26  Assimilator  
  139  11:30  Assimilator  
  125  11:34  Pylon  
  125  11:36  Pylon  
  115  11:40  Pylon  
  115  11:58  Stalker x5  
  125  12:01  Protoss Ground Weapons Level 3 (Chrono Boost)  
  125  12:03  Nexus  
  125  12:06  Assimilator  
  119  12:11  Assimilator  
  119  12:14  Pylon  
  115  12:17  Pylon  
  115  12:18  Protoss Ground Armor Level 3 (Chrono Boost)  
  115  12:21  Pylon  
  112  12:25  Pylon  
  110  12:36  Stalker x2  
  112  12:37  Stalker x2  
  112  12:38  Stalker  
  108  12:56  Observer  
  106  13:00  Fleet Beacon  
  106  13:18  Stalker x5  
  116  13:24  Pylon  
  116  13:25  Gateway  
  114  13:30  Gateway  
  114  13:32  Gateway  
  114  13:33  Gateway  
  102  13:37  Gateway  
  102  13:39  Pylon  
  102  13:40  Pylon  
  92  13:43  Stalker x5  
  100  13:53  Mothership Core (Chrono Boost)  
  100  13:54  Photon Cannon  
  102  13:56  Probe (Chrono Boost)  
  102  13:57  Probe (Chrono Boost)  
  102  13:58  Probe (Chrono Boost)  
  105  14:07  Probe (Chrono Boost)  
  106  14:10  Stalker x3  
  106  14:11  Stalker  
  114  14:31  Observer  
  115  14:42  Stalker x2  
  115  14:43  Stalker x2  
  129  14:54  Photon Cannon  
  129  14:57  Photon Cannon  
Tags
 
Matchup
PvP
Replay Pack
All Mines
Spawn Locations
Cross Positions
Add a new tag
Caveats
  • Supply blocks, unpowered buildings, or Contaminate may cause inaccurate times.
  • Supply counts are checked every 10 seconds.